 Dungeon Crawl Stone Soup version 0.18-a0-1312-gf98331d (webtiles) character file.

161893 Duffy the Peltast (level 18, 0/149 HPs)
             Began as a Formicid Fighter on Feb 14, 2016.
             Was the Champion of Cheibriados.
             Killed by vampiric draining
             ... invoked by Josephine
              (6 damage)
             ... on level 1 of the Spider Nest.
             The game lasted 01:06:30 (35223 turns).

Duffy the Peltast (Formicid Fighter)               Turns: 35223, Time: 01:06:31

Health: 0/149      AC: 28    Str: 44    XL:     18   Next: 42%
Magic:  28/28      EV: 18    Int: 23    God:    Cheibriados [******]
Gold:   741        SH: 25    Dex: 23    Spells: 1 memorised, 14 levels left

rFire  . . .     SeeInvis +     Q - +4 quarterstaff "Irich" {freeze, +Fly rPois rC++ Dex-2}
rCold  + + +     Gourm    .     o - +0 plate armour {rPois}
rNeg   . . .     Faith    +     e - +0 large shield {rC+}
rPois  +         Spirit   .     (helmet unavailable)
rElec  .         Dismiss  .     C - +1 cloak
rCorr  .         Reflect  .     i - +2 pair of gloves
SustAt .         Harm     .     P - +1 pair of boots
MR     +....     Clarity  +     x - amulet of faith
Stlth  ..........               J - +5 ring of protection
                                L - +5 ring of slaying

@: very slow, somewhat resistant to hostile enchantments, extremely unstealthy
A: permanent stasis, dig shafts and tunnels, four strong arms, antennae 3,
clarity
a: Dig, Shaft Self, Bend Time, Temporal Distortion, Slouch, Step From Time,
Renounce Religion, Evoke Flight


You were on level 1 of the Spider Nest.
You worshipped Cheibriados.
Cheibriados was exalted by your worship.
You were not hungry.

You visited 5 branches of the dungeon, and saw 30 of its levels.
You also visited: Sewer, Bailey and Ice Cave.

You collected 2494 gold pieces.
You spent 1753 gold pieces at shops.


Innate Abilities, Weirdness & Mutations

You are under a permanent stasis effect.
You can dig through walls and to a lower floor.
Your four strong arms can wield two-handed weapons with a shield.
You have a pair of large antennae on your head (SInv).
You possess an exceptional clarity of mind.


   Skills:
 - Level 15.0 Fighting
 - Level 14.0 Staves
 + Level 11.2 Armour
 - Level 10.2 Dodging
 - Level 15.0 Shields
 - Level 14.5 Invocations
 - Level 11.0 Evocations


You had 14 spell levels left.
You knew the following spells:

 Your Spells              Type           Power        Failure   Level  Hunger
r - Regeneration          Chrm/Necr      #.........   99%         3    ####...

Inventory:

Hand Weapons
 Q - the +4 quarterstaff "Irich" (weapon) {freeze, +Fly rPois rC++ Dex-2}

   It has been specially enchanted to freeze those struck by it, causing extra
   injury to most foes and up to half again as much damage against particularly
   susceptible opponents.
   It can also slow down cold-blooded creatures.
   It affects your dexterity (-2).
   It greatly protects you from cold.
   It protects you from poison.
   It lets you fly.
 R - a +0 blowgun
Missiles
 n - 2 throwing nets (quivered)
 X - 15 curare-tipped needles
Armour
 e - a +0 large shield of cold resistance (worn)
 i - a +2 pair of gloves (worn)
 o - a +0 plate armour of poison resistance (worn)
 C - a +1 cloak (worn)
 H - a +4 chain mail of cold resistance
 P - a +1 pair of boots (worn)
Jewellery
 j - a +6 ring of intelligence {unknown}
 l - an uncursed ring of protection from cold
 p - an uncursed ring of protection from magic
 x - an amulet of faith (around neck)
 I - a ring of the Octopus King {SustAt AC+1 EV+1 Str+1 Int+1 Dex+1}

   [ring of sustain attributes]

   It sustains your strength, intelligence and dexterity.
   It affects your AC (+1).
   It affects your evasion (+1).
   It affects your strength (+1).
   It affects your intelligence (+1).
   It affects your dexterity (+1).
 J - a +5 ring of protection (right hand)
 L - a +5 ring of slaying (left hand)
 S - an uncursed ring of positive energy
 W - an uncursed ring of protection from fire
Wands
 g - a wand of acid (10/15)
 u - a wand of disintegration (8/24)
 Y - a wand of paralysis (15/24)
Scrolls
 a - 3 scrolls of enchant weapon
 b - 4 scrolls of vulnerability
 h - 5 scrolls of identify
 m - 2 scrolls of recharging
 w - 5 scrolls of magic mapping
 y - 3 scrolls of fog
 B - 13 scrolls of remove curse
 F - 5 scrolls of enchant armour
 K - a scroll of summoning
 M - 3 scrolls of holy word
 N - 2 scrolls of fear
 V - a scroll of brand weapon
Potions
 d - 6 potions of might
 q - 2 potions of cure mutation
 s - 6 potions of flight
 t - 2 potions of cancellation
 A - 2 potions of heal wounds
 E - 5 potions of magic
 G - 7 potions of curing
 U - 3 potions of resistance
 Z - a potion of agility
Miscellaneous
 c - a stone of tremors
 k - a lamp of fire
 r - a fan of gales
Comestibles
 f - 21 bread rations
 v - 6 royal jellies
 D - 11 meat rations
 O - 19 fruits

Dungeon Overview and Level Annotations

Branches:
Dungeon (15/15)            Temple (1/1) D:6            Lair (8/8) D:9
  Swamp (0/4) Lair:6       Spider (4/4) Lair:4        Slime (0/6) Lair:7
    Orc (2/2) D:12            Elf (0/3) Orc:2        Vaults (0/5) D:14
 Depths (0/5) D:15

Altars:
Ashenzari
Cheibriados
Dithmenos
Elyvilon
Fedhas
Gozag
Kikubaaqudgha
Makhleb
Nemelex Xobeh
Okawaru
Pakellas
Qazlal
Ru
Sif Muna
Trog
Vehumet
Xom
Yredelemnul
Zin
The Shining One
Beogh

Shops:
D:4 *   D:7 !   D:8 [   D:13 ?   Orc:1 (   Orc:2 (:[(

Annotations:
Spider:1 Josephine


Message History

You are too injured to fight recklessly!
You are too injured to fight recklessly!
You are too injured to fight recklessly!
You are too injured to fight recklessly!
You are too injured to fight recklessly!
You are too injured to fight recklessly!
You are too injured to fight recklessly!
You are too injured to fight recklessly!
You are too injured to fight recklessly!
You are too injured to fight recklessly!
You are too injured to fight recklessly!
You bludgeon Josephine!! You freeze Josephine.
Josephine is almost dead.
The orb spider weaves a glowing orb of energy.
You block Josephine's attack.
An orb of destruction comes into view.
You feel sick.
You are no longer poisoned.
You block the orb of destruction.
The orb of destruction dissipates.
Josephine gestures at you while chanting.
The ghostly flame explodes!
The ghostly fireball engulfs you!
The orb spider spins a strand of pure energy.
You hear a hideous shriek!
You extend your mandibles.
You dig through the rock wall.
Josephine is infused with unholy energy.
Josephine draws life force from you and is healed!
You dig through the rock wall.
You block Josephine's attack.
You dig through the rock wall.
Josephine is infused with unholy energy.
Josephine draws life force from you and is healed!
You bludgeon Josephine!! You freeze Josephine!
Josephine is almost dead.
Josephine is infused with unholy energy.
You die...

.##. ## .... ..# #... ..
#.# .... #.. #.# .... #..
#.# .... .#..# #.# ..##
.....## #.#### #..
#....s.##s{#@# ....
........#.#@## .~#.
#s..### ~~~. ##.s# ####
##~. ##.###~~# ~~.# #.
#......#### .#~~#.
#.##..#...#..# ..# ..
###.....##...{### ...#^..
.........#....#.###.......


You could see Josephine.

Action                   |  1- 3 |  4- 6 |  7- 9 | 10-12 | 13-15 | 16-18 || total
-------------------------+-------+-------+-------+-------+-------+-------++-------
Melee: Quarterstaff      |    94 |   221 |   445 |   863 |  1466 |  1632 ||  4721
Invok: Slouch            |       |       |       |     1 |     3 |     5 ||     9
 Abil: Dig               |     1 |     1 |     9 |    21 |    26 |    31 ||    89
       Shaft Self        |       |       |       |       |     1 |     1 ||     2
Evoke: Wand              |       |       |       |     5 |     3 |       ||     8
  Use: Potion            |       |       |       |     4 |     2 |     3 ||     9
       Scroll            |       |       |       |    16 |    10 |     2 ||    28
 Stab: Petrifying        |       |       |       |       |       |     1 ||     1
       Held in net/web   |       |       |       |       |       |     1 ||     1
  Eat: Chunk             |     1 |     7 |    18 |    15 |    23 |    18 ||    82
       Beef jerky        |       |       |       |     2 |       |     2 ||     4
       Pizza             |       |       |       |     2 |       |     2 ||     4
       Fruit             |       |       |       |     2 |       |       ||     2

Notes
Turn   | Place    | Note
--------------------------------------------------------------
     0 | D:1      | Duffy the Formicid Fighter began the quest for the Orb.
     0 | D:1      | Reached XP level 1. HP: 18/18 MP: 1/1
    99 | D:1      | Reached skill level 4 in Shields
    99 | D:1      | Reached XP level 2. HP: 24/24 MP: 2/2
   650 | D:1      | Reached XP level 3. HP: 29/29 MP: 3/3
  1145 | D:2      | Reached skill level 3 in Staves
  1183 | D:2      | Reached XP level 4. HP: 35/35 MP: 4/4
  1191 | D:2      | Found a glowing silver altar of Zin.
  1583 | D:2      | Reached skill level 5 in Shields
  2244 | D:3      | Reached XP level 5. HP: 38/41 MP: 5/5
  2497 | D:3      | Reached skill level 4 in Staves
  2958 | D:4      | Noticed a centaur
  2968 | D:4      | Killed a centaur
  2968 | D:4      | Reached skill level 6 in Shields
  2968 | D:4      | Reached XP level 6. HP: 30/47 MP: 6/6
  3155 | D:4      | Noticed an ogre
  3362 | D:4      | Killed an ogre
  3362 | D:4      | Reached skill level 5 in Staves
  3362 | D:4      | Reached XP level 7. HP: 34/52 MP: 7/7
  3603 | D:4      | Found Pomeucid's Assorted Antiques.
  3613 | D:4      | Bought a dented jade amulet for 135 gold pieces
  3660 | D:4      | Noticed Edmund
  3693 | D:4      | Killed Edmund
  3693 | D:4      | Reached skill level 7 in Shields
  4100 | D:4      | Found a glowing golden altar of the Shining One.
  4213 | D:4      | Reached skill level 6 in Staves
  4213 | D:4      | Reached skill level 8 in Shields
  4213 | D:4      | Reached XP level 8. HP: 58/58 MP: 8/8
  4403 | D:4      | Found a deep blue altar of Sif Muna.
  4462 | D:4      | Found an ancient bone altar of Kikubaaqudgha.
  4464 | D:4      | Found a blossoming altar of Fedhas.
  4514 | D:5      | Entered Level 5 of the Dungeon
  4521 | D:5      | Found an oddly glowing altar of Pakellas.
  4521 | D:5      | Noticed a wolf spider
  4529 | D:5      | Killed a wolf spider
  4943 | D:5      | Reached skill level 7 in Staves
  5132 | D:5      | Reached skill level 9 in Shields
  5275 | D:5      | Noticed Duffy's ghost (novice DECj)
  5440 | D:6      | Reached XP level 9. HP: 33/64 MP: 9/9
  5551 | D:6      | Reached skill level 8 in Staves
  5558 | D:6      | Noticed Dowan
  5559 | D:6      | Noticed Duvessa
  5577 | D:6      | Killed Duvessa
  5577 | D:6      | Reached skill level 10 in Shields
  5588 | D:6      | Killed Dowan
  5625 | D:6      | Found a glowing drain.
  5671 | Sewer    | Entered a sewer
  6420 | D:6      | Noticed Menkaure
  6432 | D:6      | Killed Menkaure
  6748 | D:6      | Reached skill level 9 in Staves
  6890 | D:6      | Found a staircase to the Ecumenical Temple.
  6899 | Temple   | Entered the Ecumenical Temple
  7122 | Temple   | Became a worshipper of Cheibriados the Contemplative
  7709 | D:7      | Reached skill level 1 in Invocations
  7713 | D:7      | Reached skill level 2 in Invocations
  8040 | D:7      | Reached * piety under Cheibriados
  8116 | D:7      | Reached skill level 3 in Invocations
  8116 | D:7      | Reached XP level 10. HP: 67/70 MP: 12/12
  8135 | D:7      | Found Kifreqim's Distillery.
  8143 | D:7      | Bought a potion of curing for 39 gold pieces
  8284 | D:7      | Reached skill level 4 in Invocations
  8289 | D:7      | Reached skill level 10 in Staves
  8541 | D:7      | Reached skill level 5 in Invocations
  8800 | D:8      | Reached ** piety under Cheibriados
  9028 | D:8      | Reached skill level 6 in Invocations
  9065 | D:8      | Found Xodoith's Antique Armour Emporium.
  9075 | D:8      | Bought a pair of runed boots for 135 gold pieces
  9299 | D:8      | Noticed a deep elf mage
  9313 | D:8      | Killed a deep elf mage
  9695 | D:8      | Found a radiant altar of Vehumet.
  9695 | D:8      | Found a bloodstained altar of Trog.
  9934 | D:9      | You fall through a shaft for 2 floors!
 10050 | D:11     | Reached skill level 7 in Invocations
 10060 | D:11     | Reached skill level 11 in Staves
 10403 | D:11     | Reached *** piety under Cheibriados
 10564 | D:11     | Reached skill level 8 in Invocations
 10604 | D:11     | Reached XP level 11. HP: 75/75 MP: 17/17
 10617 | D:10     | Entered Level 10 of the Dungeon
 10618 | D:10     | Noticed Joseph
 10642 | D:10     | Killed Joseph
 10642 | D:10     | Reached skill level 4 in Fighting
 10673 | D:10     | Noticed a hill giant
 10684 | D:10     | Killed a hill giant
 10888 | D:9      | Found a sacrificial altar of Ru.
 10914 | D:9      | Reached skill level 5 in Fighting
 10942 | D:9      | Reached skill level 12 in Staves
 11015 | D:9      | Reached **** piety under Cheibriados
 11116 | D:9      | Reached skill level 6 in Fighting
 11499 | D:9      | Found a staircase to the Lair.
 11545 | D:9      | Reached ***** piety under Cheibriados
 11558 | D:9      | Reached skill level 7 in Fighting
 12251 | D:10     | Noticed a hill giant
 12258 | D:10     | Killed a hill giant
 12409 | D:10     | Found a bloodstained altar of Trog.
 12515 | D:10     | Found a shadowy altar of Dithmenos.
 12758 | D:10     | Reached skill level 8 in Fighting
 12852 | D:11     | Reached XP level 12. HP: 92/92 MP: 18/18
 12972 | D:11     | Reached skill level 13 in Staves
 13111 | D:11     | Reached ****** piety under Cheibriados
 13338 | D:11     | Reached skill level 9 in Fighting
 13923 | D:11     | Noticed a five-headed hydra
 13935 | D:11     | Killed a five-headed hydra
 14329 | D:4      | Bought a white potion for 24 gold pieces
 14329 | D:4      | Bought 2 scrolls labeled POROLU JEUFAY for 54 gold pieces
 14329 | D:4      | Bought a scroll labeled POROLU JEUFAY for 27 gold pieces
 14329 | D:4      | Bought a scroll labeled ONGIULOUZA for 27 gold pieces
 14772 | D:5      | Found an oddly glowing altar of Pakellas.
 14794 | D:5      | Killed Duffy's ghost
 15504 | Lair:1   | Entered Level 1 of the Lair of Beasts
 15626 | D:12     | Noticed Fannar
 15833 | D:12     | Reached skill level 10 in Fighting
 15960 | D:11     | Killed Fannar
 15960 | D:11     | Reached skill level 4 in Armour
 16112 | D:12     | Reached skill level 14 in Staves
 16314 | D:12     | Reached skill level 1 in Dodging
 16321 | D:12     | Found a staircase to the Orcish Mines.
 16324 | D:12     | Reached skill level 5 in Armour
 16324 | D:12     | Reached XP level 13. HP: 104/104 MP: 13/19
 16324 | D:12     | Reached skill level 2 in Dodging
 16701 | D:12     | Reached skill level 3 in Dodging
 16840 | D:12     | Reached skill level 6 in Armour
 17202 | D:12     | You fall through a shaft!
 17206 | D:13     | Noticed a centaur warrior
 17353 | D:13     | Reached skill level 4 in Dodging
 17427 | D:13     | Found a frozen archway.
 17431 | IceCv    | Entered an ice cave
 17447 | IceCv    | Reached skill level 7 in Armour
 17514 | IceCv    | Reached skill level 5 in Dodging
 17758 | IceCv    | Reached skill level 8 in Armour
 18049 | IceCv    | Noticed a frost giant
 18078 | IceCv    | Killed a frost giant
 18078 | IceCv    | Reached skill level 9 in Armour
 18078 | IceCv    | Reached skill level 6 in Dodging
 18487 | D:12     | Reached skill level 11 in Shields
 18933 | D:13     | Killed a centaur warrior
 18933 | D:13     | Reached XP level 14. HP: 111/111 MP: 20/20
 19041 | D:13     | Noticed Rupert
 19051 | D:13     | Killed Rupert
 19051 | D:13     | Reached skill level 12 in Shields
 19052 | D:13     | Found Avoxey's Magic Scroll Shop.
 19384 | D:13     | Noticed Snorg
 19395 | D:13     | Killed Snorg
 19395 | D:13     | Reached skill level 13 in Shields
 19719 | Orc:1    | Entered Level 1 of the Orcish Mines
 19739 | Orc:1    | Noticed an orc warlord
 19755 | Orc:1    | Killed an orc warlord
 19779 | Orc:1    | Found Posujum's Weapon Boutique.
 19787 | Orc:1    | Found a flagged portal.
 19817 | Bailey   | Entered a bailey
 19930 | Bailey   | Noticed dalore's ghost (novice MiBe)
 19956 | Bailey   | Killed dalore's ghost
 19956 | Bailey   | Reached skill level 14 in Shields
 20565 | Lair:1   | Noticed Nergalle
 20580 | Lair:1   | Killed Nergalle
 20682 | Lair:1   | Noticed Harold
 20699 | Lair:1   | Killed Harold
 20836 | Lair:1   | Reached skill level 15 in Shields
 21641 | Lair:2   | Reached skill level 7 in Dodging
 21970 | Lair:2   | Reached skill level 10 in Armour
 22513 | Lair:3   | Noticed Gastronok
 22524 | Lair:3   | Killed Gastronok
 22524 | Lair:3   | Reached XP level 15. HP: 101/117 MP: 21/21
 22595 | Lair:3   | Reached skill level 8 in Dodging
 22978 | Lair:3   | Reached skill level 9 in Dodging
 23371 | Lair:4   | Noticed Maud
 23394 | Lair:4   | Killed Maud
 23841 | Lair:4   | Found a hole to the Spider Nest.
 23874 | Lair:4   | Reached skill level 10 in Dodging
 23914 | Lair:4   | Gained mutation: You possess an exceptional clarity of mind. [potion of beneficial mutation]
 24881 | Lair:6   | Found a staircase to the Swamp.
 24905 | Lair:6   | Reached skill level 9 in Invocations
 25320 | Lair:6   | You fall through a shaft for 2 floors!
 25320 | Lair:8   | Entered Level 8 of the Lair of Beasts
 25352 | Lair:8   | Reached skill level 10 in Invocations
 25516 | Lair:8   | Reached skill level 11 in Invocations
 25842 | Lair:8   | Reached skill level 12 in Invocations
 25973 | Lair:8   | Reached XP level 16. HP: 121/123 MP: 25/25
 26120 | Lair:7   | Found a staircase to the Slime Pits.
 26474 | Lair:8   | Reached skill level 13 in Invocations
 26871 | Lair:8   | Found a white marble altar of Elyvilon.
 27119 | Lair:8   | Identified the Volume of Sinister Changing (You found it on level 8 of the Lair of Beasts)
 27125 | Lair:8   | Learned a level 3 spell: Regeneration
 27152 | Lair:8   | Reached skill level 14 in Invocations
 27153 | Lair:8   | Got a ring of the Octopus King
 27161 | Lair:8   | Identified a ring of the Octopus King {SustAt AC+1 EV+1 Str+1 Int+1 Dex+1} (You found it on level 8 of the Lair of Beasts)
 27704 | Lair:7   | Reached skill level 11 in Fighting
 28817 | Orc:2    | Entered Level 2 of the Orcish Mines
 28817 | Orc:2    | Found a staircase to the Elven Halls.
 28837 | Orc:2    | Reached skill level 12 in Fighting
 28932 | Orc:2    | Found a roughly hewn altar of Beogh.
 28982 | Orc:2    | Reached skill level 1 in Evocations
 29080 | Orc:2    | Found Guppasme's Weapon Emporium.
 29133 | Orc:1    | Reached skill level 2 in Evocations
 29154 | Orc:1    | Reached skill level 3 in Evocations
 29233 | Orc:1    | Reached skill level 4 in Evocations
 29475 | Orc:2    | Found a roughly hewn altar of Beogh.
 29480 | Orc:2    | Found Eleipnuv's Book Shoppe.
 29486 | Orc:2    | Reached skill level 5 in Evocations
 29555 | Orc:2    | Found a roughly hewn altar of Beogh.
 29918 | Orc:2    | Reached skill level 6 in Evocations
 29918 | Orc:2    | Reached XP level 17. HP: 125/133 MP: 27/27
 30190 | Orc:2    | Found a roughly hewn altar of Beogh.
 30254 | Orc:2    | Reached skill level 7 in Evocations
 30511 | Orc:2    | Found Bisek's Antique Armour Shop.
 30512 | Orc:2    | Found a roughly hewn altar of Beogh.
 30515 | Orc:2    | Found Fuih's Antique Weapon Boutique.
 30872 | D:13     | Bought a scroll of acquirement for 988 gold pieces
 30876 | D:13     | Got a steaming quarterstaff
 30877 | D:13     | Identified the +4 quarterstaff "Irich" {freeze, +Fly rPois rC++ Dex-2} (You acquired it on level 13 of the Dungeon)
 30882 | D:13     | Bought a scroll of identify for 38 gold pieces
 31030 | D:7      | Bought a potion of curing for 39 gold pieces
 31030 | D:7      | Bought a potion of might for 52 gold pieces
 31030 | D:7      | Bought a potion of curing for 39 gold pieces
 31030 | D:7      | Bought 2 potions of might for 104 gold pieces
 31030 | D:7      | Bought a potion of brilliance for 52 gold pieces
 31268 | D:14     | Reached skill level 8 in Evocations
 31429 | D:14     | Reached skill level 9 in Evocations
 31462 | D:14     | Found a shattered altar of Ashenzari.
 31646 | D:14     | Found a gate to the Vaults.
 31698 | D:14     | Reached skill level 10 in Evocations
 32061 | D:15     | Entered Level 15 of the Dungeon
 32218 | D:15     | Found a staircase to the Depths.
 32227 | D:15     | Reached skill level 11 in Evocations
 33292 | D:15     | Reached skill level 13 in Fighting
 33617 | Spider:1 | Entered Level 1 of the Spider Nest
 33793 | Spider:1 | Got a steaming pewter ring
 33794 | Spider:1 | Identified the ring "Lom Moiw" {Fire rN+ Dex+4} (You found it on level 1 of the Spider Nest)
 33852 | Spider:1 | You fall through a shaft!
 33987 | Spider:2 | Reached skill level 14 in Fighting
 34291 | Spider:2 | Reached XP level 18. HP: 146/146 MP: 28/28
 34446 | Spider:4 | Entered Level 4 of the Spider Nest
 34903 | Spider:4 | Reached skill level 15 in Fighting
 35153 | Spider:1 | Reached skill level 11 in Armour
 35204 | Spider:1 | Noticed Josephine
 35223 | Spider:1 | Killed from afar by Josephine

Vault maps used:
D:1:      ncdulo_lavacross
D:2:      lemuel_round_altar
D:3:      kennysheep_pointless_box
D:4:      grunt_temple_overflow_growth_and_decay, led_sif_pool, serial_shops,
          shop_fountains, first_bread, interstate_on_off,
          nicolae_tso_swordbearing_angel, uniq_edmund
D:5:      gammafunk_pakellas_cloud_experiment
D:6:      lemuel_temple_firewalk_marked, portal_sewer_entry_c, uniq_duvessa,
          uniq_menkaure
D:7:      serial_shops, nicolae_shop_trees, hex_tiny,
          hangedman_decor_clover_reticule, minmay_misc_feat_encased,
          kennysheep_generic_room_11
D:8:      kennysheep_big_flooded_room, gammafunk_temple_overflow_elements,
          serial_shops, shop
D:9:      old_standard_altar, minmay_lair_entry_grove, hangedman_tell_no_tales
D:10:     basic_altar, nicolae_dithmenos_shadow_blocks, uniq_joseph
D:12:     kennysheep_orc_monster_closet_entryway, uniq_fannar
D:13:     serial_shops, nicolae_shop_behind_doors,
          portal_ice_cave_entry_pillars_03, uniq_rupert, uniq_snorg
D:14:     erik_vaults_2, basic_altar, nrook_mini_backslash,
          minmay_hollow_rounded_squares
D:15:     grunt_enter_depths_snipers, serial_bayou, serial_bayou_ford_a,
          serial_bayou_pond_d, serial_bayou_pond_c, serial_bayou_lake_a
Temple:   eino_temple_water_12
Lair:1:   uniq_nergalle, uniq_harold
Lair:2:   serial_bayou_pond_e, grunt_megastairs_4, serial_bayou_shore_a
Lair:3:   uniq_gastronok
Lair:4:   nicolae_spider_entry_non_spiders, cheibrodos_lair_caveside_slide,
          lemuel_fruit_tree, grunt_megastairs_5, uniq_maud
Lair:6:   gammafunk_lair_enchanted_lake, swamp_mist, infiniplex_staircase_pool_2
Lair:7:   slime_dummy, grunt_megastairs_1
Lair:8:   minmay_lair_end_frog_pond, minmay_hedge_maze,
          eino_small_chamber_without_monster, lemuel_oklob_altar
Spider:1: guppyfry_spider_mini_1, uniq_josephine, uniq_donald
Spider:2: nicolae_spider_cling_ruins, uniq_agnes
Spider:4: guppyfry_spider_rune, guppyfry_spider_mini_2
Orc:1:    enter_bailey_2, serial_shops, nicolae_shop_trees, elves_outpost_lemuel
Orc:2:    grunt_orc_community_town_hall, grunt_orc_community_big_house_1,
          grunt_orc_community_big_house_2, grunt_orc_community_house_1,
          grunt_orc_community_house_3, grunt_orc_community_house_1,
          grunt_orc_community_house_1, grunt_orc_community_house_3
Sewer:    sewer_co_cracked_pipes
Bailey:   bailey_axe_1, bailey
IceCv:    ice_cave_small_giant

Vanquished Creatures
  Rupert Gastronok
  A frost giant Maud
  4 orc warlords
  A dire elephant
  An ettin Snorg
  8 vault guards
  A yaktaur captain
  An entropy weaver Fannar
  5 hydras Harold
  3 centaur warriors
  A death knight
  2 catoblepae
  8 death yaks
  3 orc high priests Nergalle
  The ghost of dalore the Basher, a novice MiBe of Trog
  A fire crab
  A skeletal warrior
  An unseen horror
  12 hill giants
  4 orb spiders
  A lindwurm
  19 wolf spiders
  13 deep elf magi
  2 cyclopes
  5 orc sorcerers
  An oklob plant
  A griffon
  A hornet
  12 black mambas
  3 torpor snails
  A black mamba (shapeshifter)
  An ice statue
  14 elephants
  2 gargoyles Joseph
  28 spiny frogs
  7 komodo dragons
  8 demonic crawlers
  A yaktaur
  2 tengu conjurers
  4 freezing wraiths
  5 fire drakes
  The ghost of Duffy the Conjurer, a novice DECj
  22 jumping spiders
  16 polar bears
  A troll (shapeshifter)
  A two-headed ogre
  4 giant leeches
  10 trolls
  3 slime creatures
  3 boulder beetles
  35 blink frogs
  A shadow
  2 centaur simulacra
  44 redbacks
  17 tarantellas
  7 wraiths
  6 water elementals
  3 wyverns
  77 yaks
  4 hungry ghosts
  9 hippogriffs Edmund
  4 basilisks Menkaure
  2 mottled dragons
  10 vampire mosquitoes
  15 wolves
  A soldier ant
  12 wargs Duvessa
  13 water moccasins
  12 porcupines
  2 sky beasts
  8 ice beasts
  54 orc warriors
  25 ogres
  3 black bears
  A wasp
  An eye of draining
  3 phantoms
  11 crocodiles
  17 centaurs
  9 big kobolds
  37 giant frogs
  2 wyvern zombies
  4 gnoll sergeants Dowan
  A wyvern skeleton
  4 scorpions
  3 spriggan skeletons
  20 wights
  9 killer bees
  15 electric eels
  3 crimson imps
  3 centaur zombies
  A quasit
  5 giant frog zombies
  7 hounds
  A gnoll shaman
  7 jellies
  26 orc priests
  4 centaur skeletons
  2 giant frog skeletons
  9 iguanas
  27 orc wizards
  12 worker ants
  30 sheep
  A hound zombie
  3 worker ant zombies
  12 gnolls
  13 adders
  32 river rats
  2 shadow imps
  2 adder skeletons
  2 adder zombies
  8 worms
  8 giant geckos
  151 orcs
  7 bats
  8 giant cockroaches
  16 hobgoblins
  9 jackals
  36 kobolds
  5 quokkas
  7 ball pythons
  A giant gecko skeleton
  12 giant newts
  12 goblins
  14 rats
  22 bushes
  21 fungi
  43 plants
  14 toadstools
1364 creatures vanquished.
